 Dungeon Crawl Stone Soup version 0.20-a0-269-g17f5411 (webtiles) character file.

397 jhuls9 the Chopper (level 6, -12/56 HPs)
             Began as a Hill Orc Fighter on Dec 8, 2016.
             Was an Initiate of Sif Muna.
             Mangled by an ogre
             ... wielding a +0 giant spiked club
              (16 damage)
             ... on level 4 of the Dungeon.
             The game lasted 00:19:12 (4233 turns).

jhuls9 the Chopper (Hill Orc Fighter)               Turns: 4233, Time: 00:19:12

Health: -12/56     AC: 12    Str: 21    XL:     6   Next: 83%
Magic:  6/6        EV:  6    Int:  8    God:    Sif Muna [......]
Gold:   116        SH:  9    Dex: 10    Spells: 5/5 levels left

rFire  . . .     SeeInvis .     a - +1 war axe
rCold  + . .     Gourm    .     u - +0 chain mail {rC+}
rNeg   . . .     Faith    .     c - +0 shield
rPois  .         Spirit   .     (no helmet)
rElec  .         Reflect  .     p - +0 cloak
rCorr  .         Harm     .     (no gloves)
MR     .....                    (no boots)
Stlth  ..........               (no amulet)
                                h - +2 ring of protection
                                y - +3 ring of slaying

@: no status effects
A: no striking features
a: Renounce Religion


You were on level 4 of the Dungeon.
You worshipped Sif Muna.
Sif Muna was noncommittal.
You were not hungry.

You visited 1 branch of the dungeon, and saw 4 of its levels.

You collected 116 gold pieces.

Inventory:

Hand Weapons
 a - a +1 war axe (weapon)
 A - a cursed +0 hand axe
Armour
 b - a +0 scale mail
 c - a +0 shield (worn)
 f - a +0 robe
 n - a +0 buckler
 p - a +0 cloak (worn)
 u - a +0 chain mail of cold resistance (worn)
 v - a +0 leather armour
 w - a +0 leather armour
 B - a +0 scale mail
Jewellery
 h - a +2 ring of protection (right hand)
 y - a +3 ring of slaying (left hand)
Scrolls
 e - a scroll of teleportation
 g - 2 scrolls of fear
 i - 4 scrolls of amnesia
 l - a scroll of remove curse
 m - a scroll of enchant weapon
 o - a scroll of identify
Potions
 d - 3 potions of might
 k - 2 potions of flight
Comestibles
 j - 3 meat rations
 r - 2 bread rations
 s - 2 fruits


   Skills:
 + Level 5.2 Fighting
 + Level 6.0 Axes
 + Level 4.3 Armour
 + Level 1.0 Dodging
 + Level 0.3 Stealth
 + Level 4.4 Shields


You had 5 spell levels left.
You didn't know any spells.

Dungeon Overview and Level Annotations

Branches:
Dungeon (4/15)
 Temple: D:4-7

Altars:
Cheibriados
Elyvilon
Fedhas
Sif Muna


Message History

You block the quokka's attack.
You closely miss the quokka. You hit the ogre.
You hear the brisk rusting of a distant drain.
The quokka bites you but does no damage.
The ogre barely misses you.
You miss the quokka. You barely miss the ogre. The quokka closely misses you.
The quokka bites you but does no damage.
You slash the quokka!
You kill the quokka!
Sif Muna accepts your kill.
You slash the ogre!
The ogre hits you with a giant spiked club!
* * * LOW HITPOINT WARNING * * *
You block the ogre's attack.
You see here a quokka corpse.
You block the ogre's attack.
You see here a giant cockroach corpse.
Unknown command.
The ogre hits you with a giant spiked club!
You die...

. #. .# ##.
#.. ##.##
####...##
#.......##
....#...†@.##
# ##..#O..##
#...#...# ##
#...##..##
###.
##..###..##
#... #..#
##..## ##...
.... ##..##
#.... ....
##..## ##....
.###
#...###.....


You could see an ogre.

Vanquished Creatures
  A water moccasin zombie (D:3)
  A howler monkey (D:4)
  A centaur skeleton (D:4)
  Jessica (D:2)
  An iguana (D:3)
  An orc wizard (D:3)
  4 gnolls (D:3)
  5 adders
  An ooze (D:1)
  4 worms
  A dart slug (D:1)
  A leopard gecko (D:1)
  7 orcs
  8 bats
  8 giant cockroaches
  7 goblins
  10 hobgoblins
  11 jackals
  12 kobolds
  2 quokkas
  A ball python (D:3)
  A frilled lizard (D:3)
  A leopard gecko skeleton (D:4)
  5 rats (D:1)
95 creatures vanquished.

Notes
Turn   | Place    | Note
-------+----------+-------------------------------------------
     0 | D:1      | jhuls9 the Hill Orc Fighter began the quest for the Orb.
     0 | D:1      | Reached XP level 1. HP: 19/19 MP: 1/1
   101 | D:1      | Reached XP level 2. HP: 24/27 MP: 2/2
   231 | D:1      | Reached skill level 3 in Axes
   296 | D:1      | Reached XP level 3. HP: 31/33 MP: 3/3
  1263 | D:2      | Found a snail-covered altar of Cheibriados.
  1325 | D:2      | Noticed Jessica
  1328 | D:2      | Killed Jessica
  1328 | D:2      | Reached skill level 4 in Axes
  1328 | D:2      | Reached XP level 4. HP: 41/41 MP: 4/4
  1805 | D:2      | Found a white marble altar of Elyvilon.
  2232 | D:2      | Found a blossoming altar of Fedhas.
  2400 | D:3      | Found a deep blue altar of Sif Muna.
  2424 | D:3      | Became a worshipper of Sif Muna the Loreminder
  2532 | D:3      | Reached XP level 5. HP: 47/47 MP: 5/5
  2723 | D:3      | Reached skill level 5 in Axes
  2830 | D:3      | Reached skill level 5 in Fighting
  2837 | D:3      | Reached XP level 6. HP: 42/56 MP: 6/6
  3986 | D:4      | Reached skill level 1 in Dodging
  4224 | D:4      | Reached skill level 6 in Axes
  4233 | D:4      | Mangled by an ogre

Vault maps used:
D:1:      dpeg_arrival_rooms_a
D:2:      fedhas_altar_fruit_tree, overflow_temple_1_default,
          lemuel_doored_altar, uniq_jessica
D:3:      nicolae_overflow_crystal_walls, first_bread, serial_glass,
          glass_columns_c, glass_columns_a, glass_columns_b, glass_columns_c,
          glass_columns_a, glass_columns_b, glass_columns_b, glass_columns_a,
          glass_columns_b, glass_columns_b, kennysheep_small_spiral
D:4:      portal_sewer_entry_a, serial_shops, shop, minmay_misc_feat_enclosed,
          uniq_pikel, uniq_duvessa

Skill      XL: |  1  2  3  4  5  6 |
---------------+-------------------+-----
Fighting       | 4 5 |  5.2
Axes           | 3 4 5 6 |  6.0
Armour         | 4 |  4.3
Shields        | 4 |  4.4
Dodging        | 1 |  1.0
Stealth        | |  0.3

Action                   |  1- 3 |  4- 6 || total
-------------------------+-------+-------++-------
Melee: War axe           |    85 |   223 ||   308
  Use: Scroll            |     1 |    11 ||    12
       Potion            |       |     2 ||     2
  Eat: Bread ration      |     1 |     1 ||     2
       Meat ration       |       |     1 ||     1
       Fruit             |       |     1 ||     1
Armor: Scale mail        |    35 |    37 ||    72
       Chain mail        |       |   126 ||   126
Dodge: Dodged            |    29 |    67 ||    96
Block: Shield            |    48 |   169 ||   217
